2637 views
Uploaded 2021-08-18 22:26:51
Game version 1.32.6 / 1.32.7
13:04 long 1on1 custom game on (2)ogremound
Game name "trash "
Saved by GlaiVe
2637 views
Uploaded 2021-08-18 22:26:51
Game version 1.32.6 / 1.32.7
13:04 long 1on1 custom game on (2)ogremound
Game name "trash "

25 units @ 3.2k
/ 0.3k
13 buildings @ 2.1k
/ 0.7k


| Potion of Mana | 4 | 800 |
| Rod of Necromancy | 1 | 150 |
| total: | 5 | 950g |
| Acolyte | 11 | 825 | / | 0 |
| Ghoul | 7 | 840 | / | 0 |
| Crypt Fiend | 4 | 860 | / | 160 |
| Obsidian Statue | 1 | 200 | / | 35 |
| Meat Wagon | 1 | 230 | / | 50 |
| Goblin Zeppelin | 1 | 240 | / | 60 |
| total: | 25 | 3195g | / | 305w |
| Nerubian Tower | 2 | 200 | / | 40 |
| Crypt | 1 | 200 | / | 50 |
| Altar of Darkness | 1 | 180 | / | 50 |
| Ziggurat | 6 | 900 | / | 300 |
| Graveyard | 1 | 215 | / | 0 |
| Tomb of Relics | 1 | 130 | / | 30 |
| Necropolis | 1 | 225 | / | 0 |
| Slaughterhouse | 2 | 280 | / | 270 |
| Halls of the Dead | 1 | 320 | / | 210 |
| Black Citadel | 1 | 325 | / | 230 |
| total: | 13 | 2130g | / | 700w |
| 0:02 | Acolyte |
| 0:06 | Crypt |
| 0:09 | Altar of Darkness |
| 0:19 | Ziggurat |
| 0:25 | Acolyte |
| 0:39 | Acolyte |
| 0:56 | Acolyte |
| 1:09 | Ghoul |
| 1:24 | Graveyard |
| 1:35 | Ghoul |
| 1:54 | Ghoul |
| 2:00 | Ziggurat |
| 2:02 | Ghoul |
| 2:13 | Carrion Beetles |
| 2:53 | Crypt Fiend |
| 2:56 | Creature Attack |
| 3:27 | Crypt Fiend |
| 3:40 | Halls of the Dead |
| 3:58 | Tomb of Relics |
| 4:00 | Crypt Fiend |
| 4:21 | Impale |
| 4:52 | Necropolis |
| 5:33 | Ziggurat |
| 5:34 | Creature Carapace |
| 6:08 | Carrion Beetles |
| 6:15 | Web |
| 6:48 | Acolyte |
| 6:48 | Acolyte |
| 6:50 | Acolyte |
| 6:50 | Acolyte |
| 6:56 | Potion of Mana |
| 7:06 | Acolyte |
| 7:22 | Goblin Zeppelin |
| 7:45 | Potion of Mana |
| 7:48 | Death Coil |
| 8:17 | Nerubian Tower |
| 8:21 | Ziggurat |
| 9:34 | Impale |
| 9:47 | Crypt Fiend |
| 9:53 | Slaughterhouse |
| 9:57 | Slaughterhouse |
| 10:03 | Potion of Mana |
| 10:13 | Black Citadel |
| 10:15 | Improved Creature Attack |
| 10:18 | Ghoul |
| 10:29 | Rod of Necromancy |
| 10:47 | Acolyte |
| 10:47 | Acolyte |
| 10:58 | Obsidian Statue |
| 11:02 | Meat Wagon |
| 11:04 | Ghoul |
| 11:09 | Ziggurat |
| 11:11 | Ziggurat |
| 11:23 | Nerubian Tower |
| 11:25 | Improved Creature Carapace |
| 11:41 | Potion of Mana |
| 12:22 | Ghoul |
| Right click | 353 |
| Select | 299 |
| Chat | 105 |
| Misc. action | 63 |
| Build/train/purchase | 58 |
| Use ability | 13 |
| Remove unit | 2 |
40 units @ 3.8k
/ 0.5k
16 buildings @ 2.8k
/ 1.4k


| Staff of Preservation | 2 | 300 |
| Potion of Healing | 1 | 150 |
| Orb of Venom | 1 | 325 |
| Scroll of Town Portal | 1 | 350 |
| total: | 5 | 1125g |
| Wisp | 28 | 1680 | / | 0 |
| Archer | 5 | 650 | / | 50 |
| Dryad | 3 | 435 | / | 180 |
| Druid of the Claw | 3 | 765 | / | 240 |
| Goblin Zeppelin | 1 | 240 | / | 60 |
| total: | 40 | 3770g | / | 530w |
| Ancient Protector | 2 | 270 | / | 160 |
| Altar of Elders | 2 | 360 | / | 100 |
| Moon Well | 4 | 720 | / | 160 |
| Ancient of War | 1 | 150 | / | 60 |
| Hunter's Hall | 1 | 210 | / | 100 |
| Ancient of Wonders | 1 | 90 | / | 30 |
| Tree of Life | 1 | 340 | / | 185 |
| Ancient of Lore | 2 | 310 | / | 290 |
| Ancient of Wind | 2 | 300 | / | 280 |
| Tree of Ages | 2 | 640 | / | 360 |
| Tree of Eternity | 2 | 660 | / | 400 |
| total: | 16 | 2750g | / | 1365w |
| 0:01 | Wisp |
| 0:01 | Wisp |
| 0:01 | Wisp |
| 0:04 | Altar of Elders |
| 0:06 | Altar of Elders |
| 0:17 | Moon Well |
| 0:37 | Ancient of War |
| 0:40 | Wisp |
| 0:50 | Wisp |
| 1:01 | Wisp |
| 1:11 | Wisp |
| 1:31 | Moon Well |
| 1:40 | Archer |
| 1:40 | Archer |
| 1:46 | Wisp |
| 1:49 | Wisp |
| 1:49 | Wisp |
| 1:59 | Wisp |
| 2:40 | Tree of Ages |
| 2:53 | Moon Well |
| 3:02 | Archer |
| 3:14 | Mana Burn |
| 3:15 | Evasion |
| 3:16 | Archer |
| 3:25 | Archer |
| 3:46 | Hunter's Hall |
| 4:05 | Ancient of Wonders |
| 4:27 | Tree of Life |
| 5:06 | Wisp |
| 5:06 | Wisp |
| 5:06 | Wisp |
| 5:06 | Wisp |
| 5:13 | Ancient of Lore |
| 5:49 | Mana Burn |
| 6:05 | Wisp |
| 6:05 | Wisp |
| 6:05 | Wisp |
| 6:48 | Ancient of Lore |
| 7:11 | Wisp |
| 7:11 | Wisp |
| 7:12 | Wisp |
| 7:16 | Staff of Preservation |
| 7:27 | Entangling Roots |
| 8:05 | Dryad |
| 8:05 | Tree of Eternity |
| 8:12 | Wisp |
| 8:12 | Wisp |
| 8:12 | Wisp |
| 8:12 | Wisp |
| 8:13 | Wisp |
| 8:19 | Ancient of Wind |
| 8:39 | Druid of the Claw Adept Training |
| 9:28 | Potion of Healing |
| 9:49 | Druid of the Claw |
| 9:57 | Goblin Zeppelin |
| 10:10 | Ancient of Wind |
| 10:26 | Druid of the Claw |
| 10:28 | Druid of the Claw Master Training |
| 10:54 | Scroll of Town Portal |
| 10:55 | Orb of Venom |
| 10:59 | Staff of Preservation |
| 11:07 | Dryad |
| 11:09 | Strength of the Wild |
| 11:12 | Moon Well |
| 11:16 | Ancient Protector |
| 11:17 | Ancient Protector |
| 11:17 | Wisp |
| 11:17 | Wisp |
| 12:03 | Thorns Aura |
| 12:17 | Evasion |
| 12:47 | Entangling Roots |
| 12:59 | Reinforced Hides |
| 13:00 | Druid of the Claw |
| 13:01 | Dryad |
| Right click | 1357 |
| Select | 478 |
| Select group | 266 |
| Build/train/purchase | 74 |
| Assign group | 58 |
| Use ability | 41 |
| Chat | 10 |
| Remove unit | 5 |
| Item give/drop | 3 |
| Misc. action | 1 |